 Dungeon Crawl Stone Soup version 0.19-a0-811-gf4045fb (webtiles) character file.

2237 Arkorax the Fighter (level 9, -2/123 HPs)
             Began as a Minotaur Fighter on June 28, 2016.
             Was a Believer of Uskayaw.
             Slain by a yak (5 damage)
             ... on level 8 of the Dungeon.
             The game lasted 00:04:20 (4532 turns).

Arkorax the Fighter (Minotaur Fighter)              Turns: 4532, Time: 00:04:21

Health: -2/123     AC: 24    Str: 22 (23) XL:     9   Next: 14%
Magic:  8/8        EV:  2    Int:  8 (10) God:    Uskayaw [**....]
Gold:   164        SH: 11    Dex: 10 (11) Spells: 0 memorised, 8 levels left

rFire  . . .     SeeInvis .     a - +0 war axe
rCold  . . .     Gourm    .     (armour currently unavailable)
rNeg   + + +     Faith    .     c - +0 shield
rPois  +         Spirit   .     (helmet currently unavailable)
rElec  .         Dismiss  .     (cloak currently unavailable)
rCorr  .         Reflect  .     (gloves currently unavailable)
SustAt .         Harm     .     (boots currently unavailable)
MR     .....     NoTele   +     (no amulet)
Stlth  +.........               (no ring)
                                (no ring)

@: brilliant, tree-form, not resistant to hostile enchantments, very unstealthy
A: (retaliatory headbutt), (horns 0)
a: Stomp, Line Pass, Renounce Religion


You were on level 8 of the Dungeon.
You worshipped Uskayaw.
Uskayaw was pleased with you.
You were very full.
You were a tree.
You visited 2 branches of the dungeon, and saw 10 of its levels.

You collected 342 gold pieces.
You spent 178 gold pieces at shops.

Inventory:

Hand Weapons
 a - a +0 war axe (weapon)
 w - the +9 dagger of Ointment {pierce, rElec Int+4 Dex+2, unknown}
   (You took it off an orc on level 5 of the Dungeon)

   It inflicts extra damage upon your enemies.
   It affects your intelligence (+4).
   It affects your dexterity (+2).
   It insulates you from electricity.
Missiles
 p - 2 throwing nets (quivered)
Armour
 b - a +0 scale mail
 c - a +0 shield (worn)
 h - a +0 plate armour
 j - a +0 chain mail
 t - a +0 large shield
 A - a +1 pair of boots of flying (melded)
 B - a +3 scale mail of cold resistance (melded)
Wands
 o - a wand of random effects (16/48)
 v - a wand of random effects (18/48)
 E - a wand of slowing (16/48)
Scrolls
 d - 2 scrolls of identify {unknown}
 e - 4 scrolls of amnesia
 x - a scroll of blinking {unknown}
 y - a scroll of enchant weapon {unknown}
 z - 2 scrolls of fear {unknown}
Potions
 m - a potion of resistance
 D - a potion of ambrosia {unknown}
Comestibles
 f - 3 bread rations
 g - 4 meat rations
 l - 2 royal jellies
 u - a beef jerky
 C - a fruit


   Skills:
 + Level 8.4 Fighting
 + Level 7.4 Axes
 + Level 8.1 Armour
 + Level 8.1 Shields


You had 8 spell levels left.
You didn't know any spells.

Dungeon Overview and Level Annotations

Branches:
Dungeon (9/15)             Temple (1/1) D:7
   Lair: D:8-11         Orc: D:9-12

Altars:
Ashenzari
Dithmenos
Elyvilon
Makhleb
Pakellas
Qazlal
Ru
Sif Muna
Trog
Uskayaw
Vehumet
Xom
Zin

Shops:
D:5 [   D:8 %

Portals:
Sewer: D:4

Annotations:
D:9 Grum


Innate Abilities, Weirdness & Mutations

((You reflexively headbutt those who attack you in melee.))
((You have a pair of horns on your head.))


Message History

You hit the yak.
The yak is severely wounded.
You slash the yak!
The yak is heavily wounded.
You barely miss the yak.
The yak is almost dead.
The yak gores you.
* * * LOW HITPOINT WARNING * * *
The yak gores you but does no damage. You block the yak's attack.
The yak gores you but does no damage.
You hit the yak but do no damage.
The yak is severely wounded.
You hit the yak.
The yak is almost dead.
You hit the yak but do no damage.
The yak is heavily wounded.
You hit the yak but do no damage.
The yak is severely wounded.
The yak gores you.
You die...

############
##...#......#
#....#......# ######
#._♣Y.......# #.....
#.YYY.......###.....
##...>..............
#...........#....^.
#.......###........
#......#...#.......
####..###_###......
##..#...#.....##
#...###...##.#


You could see 4 yaks.

Vanquished Creatures
  A troll (D:6)
  A hippogriff (D:8)
  A yak (D:9)
  Eustachio (D:6)
  A sky beast (D:7)
  An orc warrior (D:7)
  A centaur (D:6)
  3 ogres
  5 giant frogs
  An electric eel (D:8)
  3 crimson imps
  A quasit (D:7)
  2 jellies (D:7)
  A giant frog skeleton (D:4)
  A hound (D:8)
  4 orc priests
  2 orc wizards
  4 worker ants
  2 hound skeletons
  A howler monkey zombie (D:8)
  A worker ant zombie (D:6)
  3 gnolls (D:4)
  3 adders
  A howler monkey skeleton (D:8)
  A shadow imp (D:6)
  5 worms
  A dart slug (D:2)
  4 giant geckos
  17 orcs
  5 bats
  4 giant cockroaches
  3 hobgoblins
  9 jackals
  3 quokkas
  A ball python skeleton (D:4)
  2 giant newts
  7 goblins
  A jackal zombie (D:5)
  10 kobolds
  A quokka zombie (D:5)
  6 rats
125 creatures vanquished.

Notes
Turn   | Place    | Note
--------------------------------------------------------------
     0 | D:1      | Arkorax the Minotaur Fighter began the quest for the Orb.
     0 | D:1      | Reached XP level 1. HP: 19/19 MP: 0/0
    44 | D:1      | Reached XP level 2. HP: 18/27 MP: 1/1
   273 | D:2      | Reached XP level 3. HP: 33/33 MP: 2/2
   634 | D:3      | Reached XP level 4. HP: 41/41 MP: 3/3
   665 | D:3      | Reached skill level 5 in Fighting
   665 | D:3      | Reached XP level 5. HP: 41/48 MP: 4/4
  1037 | D:4      | Found a glowing drain.
  1051 | D:4      | Reached skill level 5 in Armour
  1160 | D:5      | Entered Level 5 of the Dungeon
  1178 | D:5      | Reached XP level 6. HP: 56/56 MP: 5/5
  1205 | D:5      | Found a glowing silver altar of Zin.
  1306 | D:5      | Reached skill level 5 in Shields
  1344 | D:5      | Got a smoking dagger {pierce}
  1703 | D:5      | Found Xumpasev's Antique Armour Emporium.
  1713 | D:5      | Bought a pair of embroidered boots for 94 gold pieces
  1718 | D:5      | Bought a glowing scale mail for 84 gold pieces
  1742 | D:5      | Reached XP level 7. HP: 21/63 MP: 6/6
  2058 | D:6      | Noticed a troll
  2074 | D:6      | Killed a troll
  2074 | D:6      | Reached skill level 5 in Axes
  2727 | D:6      | Noticed Eustachio
  2761 | D:6      | Killed Eustachio
  2867 | D:7      | Reached XP level 8. HP: 62/73 MP: 7/7
  3634 | D:7      | Found a staircase to the Ecumenical Temple.
  3671 | D:7      | Found a shattered altar of Ashenzari.
  3708 | Temple   | Entered the Ecumenical Temple
  3743 | Temple   | Became a worshipper of Uskayaw the Reveler
  3803 | D:8      | Found Libeig's Food Emporium.
  3825 | D:8      | Reached * piety under Uskayaw
  3860 | D:8      | Reached ** piety under Uskayaw
  3881 | D:8      | Found an oddly glowing altar of Pakellas.
  3894 | D:8      | Found a bloodstained altar of Trog.
  3931 | D:8      | Reached XP level 9. HP: 61/81 MP: 8/8
  3931 | D:8      | Reached *** piety under Uskayaw
  4111 | D:8      | HP: 4/81 [electric eel/bolt of electricity (4)]
  4512 | D:9      | Noticed Grum
  4519 | D:9      | Reached **** piety under Uskayaw
  4522 | D:9      | Noticed an elephant
  4531 | D:8      | HP: 3/123 [yak (5)]
  4532 | D:8      | Slain by a yak

Vault maps used:
D:1:      dpeg_arrival_subterranean_lakeside_camping
D:2:      first_bread
D:4:      serial_shops, nicolae_shop_statue_plus, portal_sewer_entry_a,
          nicolae_ossuary_entry_giza
D:5:      serial_shops, shop, basic_altar
D:6:      grunt_dithmenos_smoke_and_mirrors, uniq_crazy_yiuf_cottage,
          uniq_sigmund, uniq_eustachio
D:7:      evilmike_ruin_ashenzari, grunt_ogre_cave
D:8:      wad_lake_hut, bloody_trog, serial_shops, nicolae_shop_behind_doors,
          grunt_pakellas_salt
D:9:      david_lair_generic, orc_0_dummy, minmay_crystal_room, uniq_grum
Temple:   regret_index_temple_chain_breaker

Skill      XL: |  1  2  3  4  5  6  7  8  9 |
---------------+----------------------------+-----
Fighting       | 4 5 6 7 8 |  8.4
Axes           | 3 4 5 7 |  7.4
Armour         | 4 5 6 7 8 |  8.1
Shields        | 4 5 6 7 8 |  8.1

Action                   |  1- 3 |  4- 6 |  7- 9 || total
-------------------------+-------+-------+-------++-------
Melee: War axe           |    84 |   107 |   163 ||   354
       Headbutt          |    13 |    19 |    27 ||    59
Throw: Throwing net      |       |     2 |       ||     2
  Use: Potion            |       |     1 |     9 ||    10
       Scroll            |       |     4 |     1 ||     5
 Stab: Paralysed         |       |       |     5 ||     5
  Eat: Chunk             |       |     3 |       ||     3
       Bread ration      |       |     1 |     2 ||     3
       Meat ration       |       |       |     1 ||     1
Armor: Scale mail        |    26 |       |   122 ||   148
       Plate armour      |    10 |       |       ||    10
       Chain mail        |    34 |    42 |       ||    76
       Skin              |       |       |     4 ||     4
Dodge: Dodged            |    17 |    28 |    79 ||   124
Block: Shield            |    41 |    63 |   121 ||   225
